 Dungeon Crawl Stone Soup version 0.30-a0-414-gcb316572d5 (webtiles) character file.

Game seed: 4890290422191346186

130 lunkers the Cutter (level 5, -7/41 HPs)
             Began as a Meteoran Gladiator on Dec 8, 2022.
             Was an Initiate of Gozag.
             Killed by divine providence
             ... invoked by an orc priest
              (14 damage)
             ... on level 3 of the Dungeon.
             The game lasted 00:02:23 (1178 turns).

lunkers the Cutter (Meteoran Gladiator)             Turns: 1178, Time: 00:02:24

Health: -7/41      AC:  8    Str: 18    XL:     5   Next: 63%
Magic:  15/15      EV: 13    Int:  9    God:    Gozag
Gold:   136        SH:  0    Dex: 20    Spells: 4/4 levels left

rFire   . . .      SeeInvis +    a - +6 mace of Symmetry {venom, MP+9 Dex+5 SInv}
rCold   . . .      Faith    .    (no shield)
rNeg    . . .      Spirit   .    b - +0 leather armour
rPois   .          Reflect  .    c - +0 helmet
rElec   .          Harm     .    d - +2 cloak
rCorr   .          Rampage  .    p - +0 pair of gloves
Will    .....                    (no boots)
Stlth   +.........               (no amulet)
HPRegen 0.26/turn                (no ring)
MPRegen 0.14/turn                (no ring)

@: gold aura, glowing
A: sense surroundings 1, otherworldly, glowing, explore regen
a: Renounce Religion, Potion Petition, Call Merchant, Bribe Branch


You were on level 3 of the Dungeon.
You worshipped Gozag.
Gozag was aware of your devotion.
You visited 1 branch of the dungeon, and saw 3 of its levels.

You collected 188 gold pieces.
You paid 52 gold pieces to Gozag.

Inventory:

Hand Weapons
 a - the +6 mace of Symmetry (weapon) {venom, MP+9 Dex+5 SInv}
   (You found it on level 3 of the Dungeon)

   It poisons the flesh of those it strikes.
   Dex:       It affects your dexterity (+5).
   MP:        It affects your magic capacity (+9).
   SInv:      It lets you see invisible.
 j - a +4 dagger
 o - a +0 rapier
Missiles
 e - a javelin
 m - 2 throwing nets
Armour
 b - a +0 leather armour (worn)
 c - a +0 helmet (worn)
 d - a +2 cloak (worn)
 n - a +0 helmet
 p - a +0 pair of gloves (worn)
Scrolls
 g - a scroll of immolation {unknown}
 h - a scroll of amnesia {unknown}
 i - a scroll of summoning {unknown}
 l - a scroll of teleportation {unknown}
 q - a scroll of poison {unknown}
Potions
 f - a potion of haste {unknown}
 k - a potion of heal wounds {unknown}


   Skills:
 - Level 2.1 Fighting
 - Level 5.4 Short Blades
 + Level 3.2 Maces & Flails
 - Level 2.4 Throwing
 - Level 3.6 Dodging


You had 4 spell levels left.
You didn't know any spells.
Your spell library contained the following spells:

 Spells                   Type           Power      Damage    Failure   Level
 Slow                     Hex            0%         N/A       43%         1
 Confusing Touch          Hex            0%         N/A       82%         3
 Vampiric Draining        Necr           0%         2d6       82%         3


Dungeon Overview and Level Annotations

Branches:
Dungeon (3/15) Zot: 626

Altars:
Gozag
The Shining One

Shops:
D:1 *


Innate Abilities, Weirdness & Mutations

You passively map a small area around you.
You are easily found by Zot.
You glow in the dark.
You regain HP and MP as you explore.


Message History

The orc shouts!
The hobgoblin shouts!
The orc barely misses you. The orc attacks as you move away!
The orc barely misses you.
You sock the orc!
The orc is poisoned.
The orc is almost dead.
The orc priest calls down the wrath of Beogh upon you.
Beogh smites you! The orc hits you but does no damage.
You hit the orc.
You kill the orc!
The orc priest calls down the wrath of Beogh upon you.
Beogh smites you!
* * * LOW HITPOINT WARNING * * *
You thump the orc priest!
The orc priest is poisoned.
The orc priest is heavily wounded.
You hit the orc priest.
You kill the orc priest!
The orc hits you but does no damage. The orc misses you.
The orc hits you from afar with a +1 trident of pain.
* * * LOW HITPOINT WARNING * * *
Your Maces & Flails skill increases to level 3!
The orc hits you with a +1 trident of pain.
* * * LOW HITPOINT WARNING * * *
The orc closely misses you.
You closely miss the orc. The orc hits you but does no damage.
You writhe in agony.
* * * LOW HITPOINT WARNING * * *
The orc hits you with a +0 mace.
* * * LOW HITPOINT WARNING * * *
You sock the orc!
You kill the orc!
The orc hits you with a +0 mace.
* * * LOW HITPOINT WARNING * * *
You hit the orc.
The orc is poisoned.
The orc is almost dead.
You kill the orc!
The hobgoblin hits you but does no damage.
The orc priest calls down the wrath of Beogh upon you.
Beogh smites you!
You die...
Your body crumbles into a pile of gold.

, #...# #.#[... , , ,*
#...# #.####. *
#...######...... *
#............... *
#....#####......
#............... * *
#....#......###. * ***
########....#...#...... *
, #...og@.........#......
#......##$....#.........#
###
,#......*#.....#..^.......
..#
#......*#.###.#.###.#####
#.# * ,#......
...,..#..##.# # ..# ,*
#......*#.#*###.....# #
<.# ......$,... .......+ #
#.#, * #...... #.# #.....#
# #.# , * , * #.....# #


You could see an orc priest and a hobgoblin.

Vanquished Creatures
  Crazy Yiuf (D:3)
  An orc priest (D:3)
  3 adders
  2 worms
  A dart slug (D:3)
  4 orcs (D:3)
  6 bats
  2 endoplasms
  A giant cockroach (D:1)
  3 goblins
  4 hobgoblins
  2 quokkas
  3 frilled lizards
  2 kobolds
  2 rats
37 creatures vanquished.

Notes
Turn   | Place    | Note
-------+----------+-------------------------------------------
     0 | D:1      | lunkers the Meteoran Gladiator began the quest for the Orb.
     0 | D:1      | Reached XP level 1. HP: 17/17 MP: 2/2
    72 | D:1      | Reached XP level 2. HP: 21/24 MP: 3/3
   177 | D:1      | Reached skill level 4 in Short Blades
   294 | D:1      | Found Avvul's General Store.
   412 | D:2      | Reached XP level 3. HP: 29/29 MP: 4/4
   704 | D:3      | Found a runed translucent door.
   705 | D:3      | Noticed Crazy Yiuf
   750 | D:3      | Killed Crazy Yiuf
   751 | D:3      | Reached skill level 5 in Short Blades
   751 | D:3      | Reached XP level 4. HP: 18/36 MP: 5/5
   805 | D:3      | Found an opulent altar of Gozag.
   816 | D:3      | Found a glowing golden altar of the Shining One.
   896 | D:3      | Identified the +6 mace of Symmetry {venom, MP+9 Dex+5 SInv}
   927 | D:3      | Became a worshipper of Gozag Ym Sagoz the Greedy
   959 | D:3      | Reached skill level 1 in Maces & Flails
  1090 | D:3      | Reached XP level 5. HP: 41/41 MP: 6/6
  1178 | D:3      | Killed from afar by an orc priest

Illustrated notes

Levels and vault maps discovered:
D:1:      lemuel_arrival_funnel, layout_basic, serial_shops,
          nicolae_shop_temple_entry_statues_fountains
D:2:      layout_basic, reono_crystal_passage, serial_park_tiny_pond
D:3:      layout_basic, mainiacjoe_overflow_large_starburst,
          uniq_crazy_yiuf_cottage

Skill      XL: |  1  2  3  4  5 |
---------------+----------------+-----
Short Blades   | 4 5 |  5.4
Maces & Flails | 1 3 |  3.2
Fighting       | |  2.1
Throwing       | |  2.4
Dodging        | |  3.6

Action                   |  1- 3 |  4- 6 || total
-------------------------+-------+-------++-------
Melee: Rapier            |    33 |       ||    33
       Dagger            |    42 |     5 ||    47
       Punch             |     2 |       ||     2
       Mace              |       |    18 ||    18
Throw: Throwing net      |     3 |       ||     3
 Stab: Held in net/web   |     1 |       ||     1
Armor: Leather armour    |    31 |    11 ||    42
Dodge: Dodged            |    50 |     9 ||    59

Table legend: (Time is in decaauts)
 A = Elapsed time spent in this place.
 B = Non-inter-level travel time spent in this place.
 C = Inter-level travel time spent in this place.
 D = Time resting spent in this place.
 E = Time spent auto-exploring this place.
 F = Levels seen in this place.
 G = Mean time per level.
                   A        B        C        D        E       F      G
               +--------+--------+--------+--------+--------+-----+--------+
         Total |   1171 |   1097 |     74 |      0 |    830 |   3 |  390.3 |
       Dungeon |   1171 |   1097 |     74 |      0 |    830 |   3 |  390.3 |
               +--------+--------+--------+--------+--------+-----+--------+

Top non-repeatable levels by time:
     D:3: 551 daAuts
     D:1: 331 daAuts
     D:2: 289 daAuts
